 Dungeon Crawl Stone Soup version 0.20-a0-823-gdec668e (webtiles) character file.

148 nikopol the Skirmisher (level 5, -1/70 HPs)
             Began as a Minotaur Berserker on Mar 5, 2017.
             Was a Believer of Trog.
             Succumbed to an orc wizard's poison
             ... on level 3 of the Dungeon.
             The game lasted 00:03:04 (1676 turns).

nikopol the Skirmisher (Minotaur Berserker)         Turns: 1676, Time: 00:03:05

Health: -1/70      AC:  9    Str: 26    XL:     5   Next: 8%
Magic:  4/4        EV:  9    Int:  4    God:    Trog [**....]
Gold:   24         SH:  0    Dex: 11    Spells: 4/4 levels left

rFire    . . .     SeeInvis .   a - +0 spear
rCold    . . .     Gourm    .   p - +0 chain mail
rNeg     . . .     Faith    .   (no shield)
rPois    .         Spirit   .   (helmet restricted)
rElec    .         Reflect  .   (no cloak)
rCorr    .         Harm     .   (no gloves)
MR       .....                  (no boots)
Stlth    ..........             (no amulet)
Regen    0.3/turn               (no ring)
MPRegen  0.1/turn               (no ring)

@: berserking, lethally poisoned (-1 -> -58), very quick
A: retaliatory headbutt, horns 2
a: Berserk, Trog's Hand, Burn Spellbooks, Renounce Religion


You were on level 3 of the Dungeon.
You worshipped Trog.
Trog was pleased with you.
You were very hungry.

You visited 1 branch of the dungeon, and saw 3 of its levels.

You collected 24 gold pieces.

Inventory:

Hand Weapons
 a - a +0 spear (weapon)
Missiles
 f - 28 arrows (quivered)
Armour
 b - a +0 animal skin
 p - a +0 chain mail (worn)
Jewellery
 h - a cursed ring of loudness {unknown}
 m - a cursed ring of loudness {unknown}
Scrolls
 d - 3 scrolls of remove curse {unknown}
 e - a scroll of magic mapping {unknown}
 g - a scroll of blinking {unknown}
 i - a scroll of identify {unknown}
 j - 2 scrolls of enchant armour {unknown}
Potions
 l - a potion of might {unknown}
 o - a potion of mutation {unknown}
Books
 q - a book of Maledictions

   Spells                             Type                      Level
   a - Corona                         Hexes                        1
   b - Ensorcelled Hibernation        Hexes/Ice                    2
   c - Confuse                        Hexes                        3
   d - Tukima's Dance                 Hexes                        3
   e - Dazzling Spray                 Conjuration/Hexes            3
   Trog disapproves of the use of such an item.
 r - a book of Cantrips

   Spells                             Type                      Level
   a - Confusing Touch                Hexes                        1
   b - Animate Skeleton               Necromancy                   1
   c - Summon Small Mammal            Summoning                    1
   d - Apportation                    Translocation                1
   Trog disapproves of the use of such an item.
Comestibles
 c - 2 bread rations
 k - a chunk of flesh
 n - a royal jelly


   Skills:
 + Level 4.7 Fighting
 + Level 4.7 Polearms
 + Level 3.7 Armour
 + Level 3.4 Dodging


You had 4 spell levels left.
You didn't know any spells.

Dungeon Overview and Level Annotations

Branches:
Dungeon (3/15)

Altars:


Innate Abilities, Weirdness & Mutations

You reflexively headbutt those who attack you in melee.
You have a pair of horns on your head.


Message History

You hit something but do no damage.
* * * LOW HITPOINT WARNING * * *
You feel very sick. Something hits you.
* * * LOW HITPOINT WARNING * * *
You are more poisoned.
You hit something but do no damage.
* * * LOW HITPOINT WARNING * * *
You feel very sick. Something hits you but does no damage.
You are more poisoned.
You hit something.
* * * LOW HITPOINT WARNING * * *
You feel very sick. Something hits you but does no damage.
You are more poisoned.
A red film seems to cover your vision as you go berserk!
You feel yourself moving faster!
You feel mighty!
You are feeling very hungry.
You die...

##.....#### #.#......##
#.#####
#...>......####.....
#..........#....#..
#..........#......
#.................
#...............## +###.
......#†#.##....##......
###........(....@{).....
#.....#.###.#.##.....#
#.#+###.###.#.# ....#
.(...>.......### ...#
.........<..## ###
...........#
...........#
.####......# #......#


There were no monsters in sight!

Vanquished Creatures
  An orc priest (D:3)
  Terence (D:2)
  2 adders
  2 oozes
  2 worms (D:2)
  2 leopard geckos (D:1)
  3 orcs
  A giant cockroach (D:3)
  9 goblins
  2 hobgoblins (D:3)
  8 jackals
  6 kobolds
  A quokka (D:2)
  A ball python (D:2)
  6 bats
  4 frilled lizards
  7 rats
58 creatures vanquished.

Notes
Turn   | Place    | Note
-------+----------+-------------------------------------------
     0 | D:1      | nikopol the Minotaur Berserker began the quest for the Orb.
     0 | D:1      | Reached XP level 1. HP: 19/19 MP: 0/0
   207 | D:1      | Reached XP level 2. HP: 27/27 MP: 1/1
   539 | D:1      | Reached XP level 3. HP: 33/33 MP: 2/2
   541 | D:1      | Reached ** piety under Trog
  1141 | D:2      | Noticed Terence
  1154 | D:2      | Killed Terence
  1154 | D:2      | Reached XP level 4. HP: 26/41 MP: 3/3
  1657 | D:3      | Reached XP level 5. HP: 35/47 MP: 4/4
  1676 | D:3      | Succumbed to an orc wizard's poison

Vault maps used:
D:1:      minmay_arrival_four_circles
D:2:      uniq_terence
D:3:      first_bread, yredelemnul_altar_generic, uniq_robin

Skill      XL: |  1  2  3  4 |
---------------+-------------+-----
Fighting       | 4 |  4.7
Polearms       | 4 |  4.7
Armour         | 3 |  3.7
Dodging        | 3 |  3.4

Action                   |  1- 3 |  4- 6 || total
-------------------------+-------+-------++-------
Melee: Spear             |    87 |    75 ||   162
       Headbutt          |    13 |    12 ||    25
Invok: Berserk           |     1 |     1 ||     2
 Stab: Sleeping          |     2 |       ||     2
  Eat: Chunk             |     1 |     2 ||     3
Armor: Animal skin       |     9 |       ||     9
       Chain mail        |       |    22 ||    22
Dodge: Dodged            |    31 |    15 ||    46
